 Dungeon Crawl Stone Soup version 0.30-a0-475-g03497ec522 (webtiles) character file.

Game seed: 13073371219624504251

20078 gelatine the Skirmisher (level 12, -5/95 HPs)
             Began as a Gnoll Hunter on Dec 20, 2022.
             Was an Initiate of Gozag.
             Slain by a yak (10 damage)
             ... on level 3 of the Lair of Beasts.
             The game lasted 00:42:51 (13711 turns).

gelatine the Skirmisher (Gnoll Hunter)             Turns: 13711, Time: 00:42:53

Health: -5/95      AC: 14    Str: 11    XL:     12   Next: 75%
Magic:  23/23      EV: 18    Int:  8    God:    Gozag
Gold:   3325       SH:  5    Dex: 21    Spells: 26/26 levels left

rFire   + . .      SeeInvis .    a - +0 shortbow (drain)
rCold   . . .      Faith    .    (shield currently unavailable)
rNeg    + . .      Spirit   .    y - +1 scale mail "Myschusau" {rF+ Slay+2}
rPois   .          Reflect  +    (no helmet)
rElec   .          Harm     .    e - +1 cloak
rCorr   .          Rampage  .    (no gloves)
Will    .....                    O - +2 pair of boots
Stlth   +++.......               p - amulet of reflection
HPRegen 0.35/turn                v - ring of positive energy
MPRegen 0.18/turn                c - +4 ring of evasion

@: gold aura
A: fangs 1, strong nose, distributed training
a: Renounce Religion, Potion Petition, Call Merchant, Bribe Branch


You were on level 3 of the Lair of Beasts.
You worshipped Gozag.
Gozag was most pleased with you.
You visited 3 branches of the dungeon, and saw 14 of its levels.

You collected 3728 gold pieces.
You spent 26 gold pieces at shops.
You paid 377 gold pieces to Gozag.

Inventory:

Hand Weapons
 a - a +0 shortbow of draining (weapon)
 m - a +0 vorpal shortbow
Missiles
 H - 2 throwing nets
Armour
 e - a +1 cloak (worn)
 y - the +1 scale mail "Myschusau" (worn) {rF+ Slay+2}
   (You found it on level 4 of the Dungeon)

   Slay:      It affects your accuracy & damage with ranged weapons and melee
   (+2).
   rF:        It protects you from fire.
 E - +0 swamp dragon scales
 O - a +2 pair of boots (worn)
Jewellery
 c - a +4 ring of evasion (right hand)
 n - a +6 ring of intelligence
 p - an amulet of reflection (around neck)
 v - a ring of positive energy (left hand)
 V - a ring of protection from fire
Wands
 F - a wand of polymorph (11)
 G - a wand of mindburst (13)
 I - a wand of iceblast (13)
 S - a wand of paralysis (4)
 U - a wand of flame (8)
 Y - a wand of quicksilver (5)
Scrolls
 b - a scroll of immolation
 d - 2 scrolls of teleportation
 i - 2 scrolls of blinking
 k - 2 scrolls of enchant weapon
 l - 6 scrolls of poison
 q - a scroll of torment
 r - 4 scrolls of vulnerability
 D - 2 scrolls of magic mapping
 K - a scroll of fog
 M - 2 scrolls of enchant armour
 P - a scroll of fear
Potions
 f - 3 potions of invisibility
 g - 3 potions of ambrosia
 h - a potion of flight
 o - 2 potions of berserk rage
 s - 3 potions of magic
 t - 7 potions of attraction
 u - 2 potions of lignification
 z - 4 potions of brilliance
 A - 5 potions of haste
 T - 3 potions of might {unknown}
 W - a potion of resistance
 Z - a potion of mutation {unknown}
Miscellaneous
 L - a tin of tremorstones (inert)
 X - a phial of floods


   Skills:
 + Level 9.2 Fighting
 + Level 7.9 Short Blades
 + Level 7.9 Long Blades
 + Level 7.9 Axes
 + Level 7.9 Maces & Flails
 + Level 7.9 Polearms
 + Level 7.9 Staves
 + Level 11.5 Ranged Weapons
 + Level 7.9 Throwing
 + Level 7.9 Armour
 + Level 9.2 Dodging
 + Level 8.2 Stealth
 + Level 7.9 Shields
 + Level 7.9 Unarmed Combat
 + Level 7.9 Spellcasting
 + Level 6.5 Conjurations
 + Level 6.5 Hexes
 + Level 6.5 Summonings
 + Level 6.5 Necromancy
 + Level 6.5 Translocations
 + Level 6.5 Transmutations
 + Level 6.5 Fire Magic
 + Level 6.5 Ice Magic
 + Level 6.5 Air Magic
 + Level 6.5 Earth Magic
 + Level 6.5 Poison Magic
 + Level 8.6 Invocations
 + Level 7.9 Evocations


You had 26 spell levels left.
You didn't know any spells.
Your spell library contained the following spells:

 Spells                   Type           Power      Damage    Failure   Level
 Apportation              Tloc           26%        N/A       6%          1
 Foxfire                  Conj/Fire      52%        2x1d6     6%          1
 Kiss of Death            Conj/Necr      52%        2d9       6%          1
 Necrotise                Necr           52%        1d6       6%          1
 Summon Small Mammal      Summ           52%        N/A       6%          1
 Cigotuvi's Dreadful Rot  Necr/Pois/Air  26%        N/A       9%          2
 Ensorcelled Hibernation  Hex/Ice        26%        N/A       9%          2
 Poisonous Vapours        Pois/Air       26%        N/A       9%          2
 Confusing Touch          Hex            13%        N/A       19%         3
 Inner Flame              Hex/Fire       13%        N/A       19%         3
 Mephitic Cloud           Conj/Pois/Air  13%        N/A       19%         3
 Ozocubu's Armour         Ice            13%        N/A       19%         3
 Spider Form              Tmut/Pois      13%        N/A       19%         3
 Vampiric Draining        Necr           13%        2d6       19%         3
 Anguish                  Hex/Necr       6%         N/A       52%         4
 Cause Fear               Hex            6%         N/A       52%         4
 Dispel Undead            Necr           13%        3d9       52%         4
 Agony                    Necr           13%        N/A       86%         5
 Fireball                 Conj/Fire      6%         3d5       86%         5
 Metabolic Englaciation   Hex/Ice        6%         N/A       86%         5
 Starburst                Conj/Fire      6%         6d4       100%        6
 Discord                  Hex            6%         N/A       100%        8
 Simulacrum               Ice/Necr       Unusable   N/A       N/A         6

Dungeon Overview and Level Annotations

Branches:
Dungeon (10/15)            Temple (1/1) D:4            Lair (3/5) D:9
 Shoals (0/4) Lair:2        Snake (0/4) Lair:3          Orc (0/2) D:10

Altars:
Ashenzari
Cheibriados
Dithmenos
Elyvilon
Fedhas
Gozag
Hepliaklqana
Kikubaaqudgha
Makhleb
Nemelex Xobeh
Okawaru
Qazlal
Ru
Sif Muna
Trog
Uskayaw
Vehumet
Wu Jian
Xom
Yredelemnul
Zin
The Shining One

Shops:
D:1 :?

Annotations:
D:8 1 runed translucent door


Innate Abilities, Weirdness & Mutations

You have very sharp teeth.
Your uncanny sense of smell can sniff out nearby items.
Your experience applies equally to all skills.


Message History

You shoot an arrow. The arrow hits the bullfrog!
You kill the bullfrog!
The yak is no longer distracted by gold.
You block the yak's attack. The yak gores you!
* * * LOW HITPOINT WARNING * * *
The yak is distracted by your dazzling golden aura.
The yak bellows!
You shoot an arrow. The arrow hits the yak!
You drain the yak!
The yak is almost dead.
The yak gores you!
* * * LOW HITPOINT WARNING * * *
You block the yak's attack. The yak gores you but does no damage.
The yak misses you.
You feel much better. You block the yak's attack. The yak closely misses you.
You shoot an arrow. The arrow hits the yak.
You drain the yak.
You kill the yak!
The yak gores you!
* * * LOW HITPOINT WARNING * * *
You shoot an arrow. The arrow hits the yak!
The yak is no longer distracted by gold.
The yak is moderately wounded.
The yak misses you. The yak closely misses you.
You shoot an arrow. The arrow barely misses the yak.
The arrow hits the fungus.
The fungus begins to die.
You drain the fungus.
The fungus is lightly damaged.
The yak gores you.
* * * LOW HITPOINT WARNING * * *
The yak misses you.
You shoot an arrow. The arrow hits the yak!
You drain the yak.
The yak is severely wounded.
The yak barely misses you. You block the yak's attack.
You shoot an arrow. The arrow hits the yak.
The yak is lightly wounded.
The yak gores you.
* * * LOW HITPOINT WARNING * * *
The yak gores you!
* * * LOW HITPOINT WARNING * * *
The yak barely misses you. The yak gores you!
You die...
Your body crumbles into a pile of gold.

~~~~~,,,** *,,,,,,,,,,*
~~~~,,,,.#* *#......,,**** *
~~~~,,,,..##* ###.......,,,,,* *
~~~,,,,,...P###.........,,,,,* **
~~~,,,,,................,,,,,***,
~~,,,,,,................,,,,,,,,,
~..,............=.......,,,,,,,,,
P.............$YY.......,,,,,,,,,
...#............@$......,,,,,,,,,
...#............$.....#.,,,,,,,,,
.....................#..,,,,,,,,,
......................#,,,****,,,
.......................#***,****,
...<.................###**,,,****
.....................# **,,,,,,,,
............#.......##**,,,,,,,,,
..........#####.....# *∩,,,,,,,,,


You could see 2 yaks.

Vanquished Creatures
  2 hydras
  A deep elf pyromancer (D:8)
  3 black mambas
  Maggie (D:6)
  A cane toad (Lair:2)
  2 komodo dragons
  2 trolls (D:10)
  2 polar bears (Lair:2)
  2 hornets
  4 blink frogs (Lair:2)
  3 shadows (D:10)
  34 yaks
  2 wyverns
  A wraith (D:10)
  4 steam dragons
  3 basilisks
  3 wargs (D:9)
  Edmund (D:6)
  2 nagas
  10 water moccasins
  6 orc warriors
  A sky beast (D:6)
  A black bear (D:5)
  An ogre (D:6)
  16 wolves
  9 centaurs
  3 phantoms
  2 kobold brigands
  Blork the orc (D:6)
  5 bullfrogs
  A necrophage (D:6)
  A gnoll sergeant (D:9)
  4 scorpions
  3 wights (D:6)
  A troll zombie (D:10)
  2 killer bees (D:9)
  5 howler monkeys
  6 hounds
  9 orc priests
  3 gnoll boudas
  3 iguanas (D:5)
  Jessica (D:3)
  14 orc wizards
  7 ogre zombies (D:10)
  22 gnolls
  8 adders
  2 shadow imps
  A white imp (D:5)
  2 ufetubi
  A worm (D:3)
  3 dart slugs
  51 orcs
  10 ball pythons
  6 endoplasms
  2 giant cockroaches
  6 goblins
  5 hobgoblins
  8 jackals
  A quokka (D:4)
  7 bats
  5 frilled lizards
  A goblin skeleton (D:10)
  A goblin zombie (D:10)
  A hobgoblin skeleton (D:10)
  14 kobolds
  7 orc skeletons (D:10)
  15 orc zombies (D:10)
  7 rats
374 creatures vanquished.

Vanquished Creatures (others)
  A sky beast (D:7)
  17 fungi
  19 plants
37 creatures vanquished.

Grand Total: 411 creatures vanquished

Notes
Turn   | Place    | Note
-------+----------+-------------------------------------------
     0 | D:1      | gelatine the Gnoll Hunter began the quest for the Orb.
     0 | D:1      | Reached XP level 1. HP: 20/20 MP: 1/1
   122 | D:1      | Found a faded altar of an unknown god.
   126 | D:1      | Found Zon Waemu's Magic Scroll Emporium.
   159 | D:1      | Prayed at the altar of an unknown god.
   159 | D:1      | Became a worshipper of Gozag Ym Sagoz the Greedy
   165 | D:1      | Reached XP level 2. HP: 26/26 MP: 2/2
   277 | D:1      | Found Weymocwaibo's Book Shop.
   364 | D:1      | Reached XP level 3. HP: 24/31 MP: 2/4
   437 | D:1      | Reached skill level 1 in Invocations
   464 | D:1      | Found Rearcho's Magic Scroll Shoppe.
   512 | D:1      | Bought a scroll of identify for 26 gold pieces
  1074 | D:2      | Reached skill level 1 in Short Blades
  1074 | D:2      | Reached skill level 1 in Long Blades
  1074 | D:2      | Reached skill level 1 in Axes
  1074 | D:2      | Reached skill level 1 in Maces & Flails
  1074 | D:2      | Reached skill level 1 in Polearms
  1074 | D:2      | Reached skill level 1 in Staves
  1074 | D:2      | Reached skill level 1 in Throwing
  1074 | D:2      | Reached skill level 1 in Armour
  1074 | D:2      | Reached skill level 1 in Shields
  1074 | D:2      | Reached skill level 1 in Unarmed Combat
  1074 | D:2      | Reached skill level 1 in Spellcasting
  1074 | D:2      | Reached skill level 1 in Evocations
  1361 | D:2      | Reached XP level 4. HP: 37/38 MP: 5/5
  1755 | D:3      | Reached skill level 1 in Conjurations
  1755 | D:3      | Reached skill level 1 in Hexes
  1755 | D:3      | Reached skill level 1 in Summonings
  1755 | D:3      | Reached skill level 1 in Necromancy
  1755 | D:3      | Reached skill level 1 in Translocations
  1755 | D:3      | Reached skill level 1 in Transmutations
  1755 | D:3      | Reached skill level 1 in Fire Magic
  1755 | D:3      | Reached skill level 1 in Ice Magic
  1755 | D:3      | Reached skill level 1 in Air Magic
  1755 | D:3      | Reached skill level 1 in Earth Magic
  1755 | D:3      | Reached skill level 1 in Poison Magic
  1858 | D:3      | Noticed Jessica
  1862 | D:3      | Killed Jessica
  1886 | D:3      | Found a broken altar of Ashenzari.
  1913 | D:3      | Reached XP level 5. HP: 43/43 MP: 7/7
  2217 | D:3      | Found a glowing silver altar of Zin.
  2321 | D:3      | Found a hazy altar of Hepliaklqana.
  2321 | D:3      | Found a sparkling altar of Nemelex Xobeh.
  2638 | D:4      | Identified the +1 ring mail of the Dowdy Raven {Will- Int+6
                  | SInv}
  2772 | D:4      | Identified the +1 scale mail "Myschusau" {rF+ Slay+2}
  2854 | D:4      | Found a bloodstained altar of Trog.
  2854 | D:4      | Found an iron altar of Okawaru.
  2974 | D:4      | Noticed a phantom
  2987 | D:4      | Killed a phantom
  2988 | D:4      | Reached skill level 5 in Fighting
  2988 | D:4      | Reached skill level 5 in Dodging
  2988 | D:4      | Reached XP level 6. HP: 51/51 MP: 7/9
  3010 | D:4      | Found a staircase to the Ecumenical Temple.
  3043 | Temple   | Entered the Ecumenical Temple
  3257 | D:4      | Found a glowing golden altar of the Shining One.
  3554 | D:5      | Entered Level 5 of the Dungeon
  3590 | D:5      | Reached XP level 7. HP: 56/56 MP: 10/10
  3764 | D:5      | Reached skill level 9 in Ranged Weapons
  3976 | D:5      | Reached XP level 8. HP: 63/63 MP: 12/12
  4207 | D:5      | Found a shimmering blue altar of Sif Muna.
  4427 | D:6      | Noticed Maggie
  4442 | D:6      | Killed Maggie
  4584 | D:6      | Noticed Edmund
  4604 | D:6      | Killed Edmund
  4792 | D:6      | Noticed Blork the orc
  4800 | D:6      | Killed Blork the orc
  4849 | D:6      | Reached XP level 9. HP: 69/69 MP: 14/14
  5281 | D:6      | Reached skill level 5 in Stealth
  5975 | D:7      | Reached skill level 5 in Invocations
  6812 | D:8      | Found a shadowy altar of Dithmenos.
  6830 | D:8      | Noticed a deep elf pyromancer
  6857 | D:8      | Killed a deep elf pyromancer
  6858 | D:8      | Reached skill level 5 in Short Blades
  6858 | D:8      | Reached skill level 5 in Long Blades
  6858 | D:8      | Reached skill level 5 in Axes
  6858 | D:8      | Reached skill level 5 in Maces & Flails
  6858 | D:8      | Reached skill level 5 in Polearms
  6858 | D:8      | Reached skill level 5 in Staves
  6858 | D:8      | Reached skill level 10 in Ranged Weapons
  6858 | D:8      | Reached skill level 5 in Throwing
  6858 | D:8      | Reached skill level 5 in Armour
  6858 | D:8      | Reached skill level 5 in Shields
  6858 | D:8      | Reached skill level 5 in Unarmed Combat
  6858 | D:8      | Reached skill level 5 in Spellcasting
  6858 | D:8      | Reached skill level 5 in Evocations
  6858 | D:8      | Reached XP level 10. HP: 77/77 MP: 17/17
  7034 | D:8      | Found a hide-covered altar of Uskayaw.
  7293 | D:8      | Found a burning altar of Makhleb.
  7704 | D:8      | Found a runed translucent door.
  7704 | D:8      | Noticed a sixfirhy
  8576 | D:9      | Found a staircase to the Lair.
  8625 | D:9      | Found an ancient bone altar of Kikubaaqudgha.
  8825 | D:9      | Paralysed by a hornet for 2 turns
  9300 | D:10     | Entered Level 10 of the Dungeon
  9412 | D:10     | Reached skill level 5 in Conjurations
  9412 | D:10     | Reached skill level 5 in Hexes
  9412 | D:10     | Reached skill level 5 in Summonings
  9412 | D:10     | Reached skill level 5 in Necromancy
  9412 | D:10     | Reached skill level 5 in Translocations
  9412 | D:10     | Reached skill level 5 in Transmutations
  9412 | D:10     | Reached skill level 5 in Fire Magic
  9412 | D:10     | Reached skill level 5 in Ice Magic
  9412 | D:10     | Reached skill level 5 in Air Magic
  9412 | D:10     | Reached skill level 5 in Earth Magic
  9412 | D:10     | Reached skill level 5 in Poison Magic
  9413 | D:10     | Reached XP level 11. HP: 64/85 MP: 20/20
 10061 | D:10     | Found a staircase to the Orcish Mines.
 10103 | D:10     | Found a stormy altar of Qazlal.
 10143 | D:10     | Found a radiant altar of Vehumet.
 10507 | Lair:1   | Entered Level 1 of the Lair of Beasts
 10777 | Lair:1   | Noticed an eight-headed hydra
 10791 | Lair:1   | Killed an eight-headed hydra
 10793 | Lair:1   | Reached skill level 11 in Ranged Weapons
 11336 | Lair:1   | Reached XP level 12. HP: 14/94 MP: 22/22
 11838 | Lair:2   | Found a staircase to the Shoals.
 11905 | Lair:1   | HP: 1/94 [wolf (4)]
 12922 | Lair:2   | Identified the +4 flail "Issuhaes" {drain, rN+ Dex+3}
 13308 | Lair:3   | Found a staircase to the Snake Pit.
 13316 | Lair:3   | Noticed a six-headed hydra
 13378 | Lair:3   | Killed a six-headed hydra
 13711 | Lair:3   | Slain by a yak

Illustrated notes

Levels and vault maps discovered:
D:1:      dpeg_arrival_water_fire, layout_basic, serial_shops,
          nicolae_diamond_shop, nicolae_shop_hallway_stairs, shop,
          dreamdust_ecumenical_altar_grove
D:2:      layout_basic, hangedman_glass_teeth, kennysheep_generic_room_12
D:3:      layout_loops_ring, mainiacjoe_overflow_tiny_flanked,
          gammafunk_temple_overflow_elements, old_standard_altar, uniq_jessica
D:4:      layout_loops_corners, tso_oasis_becter,
          grunt_temple_overflow_bloody_war, minmay_temple_entry_arrows
D:5:      layout_basic, kennysheep_orc_sif_temple, hangedman_minor_gate_pass
D:6:      layout_basic, uniq_blork_the_orc, uniq_maggie, uniq_edmund
D:7:      layout_basic
D:8:      cheibrodos_shockbox, layout_cave_pods, mainiacjoe_overflow_boulevard,
          mainiacjoe_overflow_brackets, mainiacjoe_overflow_small_starburst,
          special_room [special_room_orc]
D:9:      layout_long_grid, kiku_gazebo_pond_becter, erik_lair_orcish_takeover,
          fountainhead, corner_web_ring, blue_anna_alchemist
D:10:     layout_loops_ring, nicolae_overflow_hidden_temple,
          lemuel_crystal_altar, zombieorc2_lemuel, library_closet,
          grunt_ministairs_15
Temple:   nicolae_temple_superstar
Lair:1:   layout_concentric_octagons, serial_bayou_ford_a
Lair:2:   layout_concentric_octagons, minmay_shoals_entry_centaurs,
          serial_bayou_pond_d
Lair:3:   cheibrodos_lair_river_kwai, layout_hall_layers,
          guppyfry_snake_entry_island, nicolae_volcano_entry_batcave,
          lemuel_fruit_tree

Skill      XL: |  1  2  3  4  5  6  7  8  9 10 11 12 |
---------------+-------------------------------------+-----
Invocations    | 1 2 3 4 5 6 7 8 |  8.6
Short Blades   | 1 2 3 5 6 7 |  7.9
Long Blades    | 1 2 3 5 6 7 |  7.9
Axes           | 1 2 3 5 6 7 |  7.9
Maces & Flails | 1 2 3 5 6 7 |  7.9
Polearms       | 1 2 3 5 6 7 |  7.9
Staves         | 1 2 3 5 6 7 |  7.9
Throwing       | 1 2 3 5 6 7 |  7.9
Armour         | 1 2 3 5 6 7 |  7.9
Shields        | 1 2 3 5 6 7 |  7.9
Unarmed Combat | 1 2 3 5 6 7 |  7.9
Spellcasting   | 1 2 3 5 6 7 |  7.9
Evocations     | 1 2 3 5 6 7 |  7.9
Conjurations   | 1 2 3 4 5 6 |  6.5
Hexes          | 1 2 3 4 5 6 |  6.5
Summonings     | 1 2 3 4 5 6 |  6.5
Necromancy     | 1 2 3 4 5 6 |  6.5
Translocations | 1 2 3 4 5 6 |  6.5
Transmutations | 1 2 3 4 5 6 |  6.5
Fire Magic     | 1 2 3 4 5 6 |  6.5
Ice Magic      | 1 2 3 4 5 6 |  6.5
Air Magic      | 1 2 3 4 5 6 |  6.5
Earth Magic    | 1 2 3 4 5 6 |  6.5
Poison Magic   | 1 2 3 4 5 6 |  6.5
Stealth        | 3 4 5 6 7 8 |  8.2
Fighting       | 5 6 7 8 9 |  9.2
Dodging        | 5 6 7 8 9 |  9.2
Ranged Weapons | 9 10 11 | 11.5

Action                   |  1- 3 |  4- 6 |  7- 9 | 10-12 || total
-------------------------+-------+-------+-------+-------++-------
Melee: Shortbow          |       |       |       |     2 ||     2
 Fire: Shortbow          |    78 |   135 |   309 |   990 ||  1512
Invok: Potion Petition   |       |       |       |     1 ||     1
Evoke: Wand              |       |       |       |     4 ||     4
       Tin of tremorston |       |       |       |     3 ||     3
  Use: Scroll            |     5 |     1 |     3 |    19 ||    28
       Potion            |       |       |       |     9 ||     9
Armor: Leather armour    |       |     6 |       |       ||     6
       Scale mail        |       |    16 |    35 |   204 ||   255
       Swamp dragon scal |       |       |    21 |    73 ||    94
       Skin              |       |       |       |     9 ||     9
Dodge: Dodged            |     8 |    30 |   109 |   683 ||   830
Block: Other             |       |     6 |    41 |   213 ||   260
       Reflection        |       |       |     1 |    12 ||    13

Table legend: (Time is in decaauts)
 A = Elapsed time spent in this place.
 B = Non-inter-level travel time spent in this place.
 C = Inter-level travel time spent in this place.
 D = Time resting spent in this place.
 E = Time spent auto-exploring this place.
 F = Levels seen in this place.
 G = Mean time per level.
                   A        B        C        D        E       F      G
               +--------+--------+--------+--------+--------+-----+--------+
         Total |  14005 |  13494 |    511 |      0 |  10694 |  14 | 1000.4 |
       Dungeon |  10604 |  10158 |    446 |      0 |   8125 |  10 | 1060.4 |
        Temple |    104 |     89 |     15 |      0 |     80 |   1 |  104.0 |
          Lair |   3296 |   3247 |     49 |      0 |   2489 |   3 | 1098.7 |
               +--------+--------+--------+--------+--------+-----+--------+

Top non-repeatable levels by time:
  Lair:2: 1675 daAuts
  Lair:1: 1515 daAuts
     D:6: 1421 daAuts
     D:9: 1361 daAuts
    D:10: 1238 daAuts
     D:8: 1208 daAuts
     D:1: 1016 daAuts
     D:4: 998 daAuts
     D:7: 975 daAuts
     D:5: 917 daAuts
     D:3: 737 daAuts
     D:2: 730 daAuts
  Lair:3: 105 daAuts
  Temple: 104 daAuts
